 Dungeon Crawl Stone Soup version 0.30-a0-743-gbfdf073431 (webtiles) character file.

Game seed: 16852766008393707545

2750 Newt the Reanimator (level 9, -2/60 (65) HPs)
             Began as a Demonspawn Gladiator on Feb 6, 2023.
             Was an Initiate of Hepliaklqana.
             Slain by a wight
             ... wielding a +0 halberd
              (9 damage)
             ... on level 7 of the Dungeon.
             The game lasted 00:08:46 (6287 turns).

Newt the Reanimator (Demonspawn Gladiator)          Turns: 6287, Time: 00:08:48

HP:   -2/60 (65)    AC: 18    Str: 16    XL:     9   Next: 41%
MP:   20/20         EV: 12    Int: 13    God:    Hepliaklqana [......]
Gold: 31            SH:  0    Dex: 18    Spells: 16/23 levels left

rFire   + . .      SeeInvis .    g - +6 quarterstaff
rCold   + + +      Faith    .    (shield currently unavailable)
rNeg    . . .      Spirit   .    x - +1 chain mail "Ukheq" {rElec rF+ Stlth+}
rPois   .          Reflect  .    (helmet restricted)
rElec   +          Harm     .    (no cloak)
rCorr   .          Rampage  .    m - +2 pair of gloves of Modesty {*Slow rC+++ Dex+4 Stlth-}
Will    .....                    (no boots) Stlth
                                 (no amulet)
HPRegen 0.30/turn                l - +5 ring of evasion
MPRegen 0.17/turn                (no ring)

@: sanguine armoured, slowed, drained, very slow
A: antennae 1, foul stench 1, sanguine armour 1, demonic magic 2
a: Renounce Religion


You were on level 7 of the Dungeon.
You worshipped Hepliaklqana.
Hepliaklqana was noncommittal.
You visited 1 branch of the dungeon, and saw 7 of its levels.

You collected 449 gold pieces.
You spent 418 gold pieces at shops.

Inventory:

Hand Weapons
 a - a +0 rapier
 g - a +6 quarterstaff (weapon)
 u - a +2 dagger of speed
Missiles
 e - 6 javelins (quivered)
 q - 20 poisoned darts
 w - a throwing net
Armour
 b - a +0 leather armour
 c - a +0 helmet
 m - the +2 pair of gloves of Modesty (worn) {*Slow rC+++ Dex+4 Stlth-}
   (You bought it in a shop on level 6 of the Dungeon)

   Dex:       It affects your dexterity (+4).
   rC:        It renders you almost immune to cold.
   *Slow:     It may slow you when you take damage.
   Stlth:     It makes you less stealthy.
 x - the +1 chain mail "Ukheq" (worn) {rElec rF+ Stlth+}
   (You bought it in a shop on level 6 of the Dungeon)

   rF:        It protects you from fire.
   rElec:     It insulates you from electricity.
   Stlth:     It makes you more stealthy.
Jewellery
 l - a +5 ring of evasion (left hand)
Wands
 d - a wand of flame (11)
 f - a wand of digging (8)
Scrolls
 i - a scroll of butterflies
 j - 2 scrolls of poison
 k - 2 scrolls of torment
 r - a scroll of teleportation
 s - 5 scrolls of identify
 v - a scroll of immolation
Potions
 h - a potion of curing
 n - a potion of ambrosia
 o - 3 potions of heal wounds
 p - a potion of mutation
 t - a potion of brilliance
 z - a potion of might {unknown}


   Skills:
 - Level 4.0 Fighting
 - Level 4.0 Short Blades
 - Level 1.7 Throwing
 - Level 2.6 Dodging
 - Level 1.5 Stealth
 + Level 7.6 Spellcasting
 + Level 9.1 Necromancy


You had 16 spell levels left.
You knew the following spells:

 Your Spells              Type           Power      Damage    Failure   Level
a - Vampiric Draining     Necr           28%        2d8       21%         3
b - Dispel Undead         Necr           28%        3d13      56%         4

Your spell library contained the following spells:

 Spells                   Type           Power      Damage    Failure   Level
 Beastly Appendage        Tmut           8%         N/A       97%         1
 Wereblood                Tmut           4%         N/A       99%         2
 Dazzling Flash           Conj/Hex       8%         N/A       100%        3
 Inner Flame              Hex/Fire       4%         N/A       100%        3
 Spider Form              Tmut/Pois      4%         N/A       100%        3
 Cause Fear               Hex            2%         N/A       100%        4
 Iskenderun's Mystic Bla  Conj/Tloc      4%         2d3       100%        4
 Starburst                Conj/Fire      2%         6d3       100%        6
 Dragon Form              Tmut           2%         N/A       100%        7
 Death's Door             Necr           14%        N/A       100%        9
 Dragon's Call            Summ           2%         N/A       100%        9


Dungeon Overview and Level Annotations

Branches:
Dungeon (7/15)
 Temple: D:4-7

Altars:
Hepliaklqana
Nemelex Xobeh
Qazlal
Vehumet
Wu Jian
Yredelemnul

Shops:
D:6 [

Annotations:
D:7 Dowan


Innate Abilities, Weirdness & Mutations

You have a pair of small antennae on your head.
You may rarely emit foul miasma when damaged in melee.
When seriously injured, your blood forms armour. (AC +6)
Spells you cast may paralyse nearby enemies.


Message History

The wight barely misses you.
The wight hits you but does no damage. x2
You hit the wight.
The wight is lightly damaged.
The wight closely misses you. x2; The wight hits you but does no damage.
The wight completely misses you.
You hit the wight.
The wight is moderately damaged.
The wight barely misses you.
The wight hits you with a +0 short sword.
You thump the wight!
The wight is almost destroyed.
The wight hits you from afar with a +0 halberd.
The wight barely misses you.
The wight hits you but does no damage. x2
You hit the wight.
You destroy the wight!
The wight closely misses you. The wight barely misses you. x2
You closely miss the wight. The wight hits you but does no damage.
The wight barely misses you. The wight hits you but does no damage.
The wight barely misses you.
You hit the wight.
The wight is moderately damaged.
The wight hits you from afar with a +0 halberd!
* * * LOW HITPOINT WARNING * * *
You feel drained. The wight barely misses you.
The wight hits you from afar with a +0 halberd!
* * * LOW HITPOINT WARNING * * *
The wight barely misses you.
Throw: 6 javelins
Press: ? - help, Q - select action, (/) - cycle Shift-Dir - straight line, f - you Really target yourself?
Okay, then.
Unknown command.
Throw: 2 throwing nets
Press: ? - help, Shift-Dir - straight line, f - wight
Aim: a wight, wielding a +6 battleaxe and wearing a +0 robe (moderately damaged, 63% to hit)
You throw a throwing net. The throwing net hits the wight.
The wight is caught in the net!
The wight is moderately damaged.
The wight hits you from afar with a +0 halberd!
You die...

#..#...........
..##.............#
#.........#.......
#.##..........##..
........#.###.....
#.##..#.#.# #.##..
#.##......# #.##..
#.##.##.### #.##..
#@##<##.# #.##..
.##.##z##.##.#####.##..
.....{z......)!.........
.....##.##z##.#####.# ..
#### #.##.##.# #)#
......... #..########
..## .##


You could see 2 wights.

Vanquished Creatures
  Pikel (D:5)
  Prince Ribbit (D:6)
  Sigmund (D:3)
  Eustachio (D:6)
  Duvessa (D:7)
  A sky beast (D:6)
  An orc warrior (D:6)
  A black bear (D:6)
  2 ogres (D:5)
  2 phantoms
  2 kobold brigands (D:6)
  3 scorpions (D:6)
  3 wights (D:7)
  2 jellies
  3 hounds
  An orc priest (D:6)
  Jessica (D:2)
  Natasha (thrice) (D:2)
  6 orc wizards
  6 gnolls
  4 adders
  17 orcs
  2 ball pythons
  2 endoplasms
  3 goblins
  2 hobgoblins
  2 jackals (D:5)
  A quokka (D:2)
  3 bats
  5 frilled lizards
  15 kobolds
  A rat (D:3)
99 creatures vanquished.

Vanquished Creatures (others)
  7 plants (D:2)
7 creatures vanquished.

Grand Total: 106 creatures vanquished

Notes
Turn   | Place    | Note
-------+----------+-------------------------------------------
     0 | D:1      | Newt the Demonspawn Gladiator began the quest for the Orb.
     0 | D:1      | Reached XP level 1. HP: 16/16 MP: 1/1
   105 | D:1      | Reached skill level 1 in Stealth
   203 | D:1      | Gained mutation: You have a pair of small antennae on your
                  | head. [demonic ancestry]
   203 | D:1      | Reached XP level 2. HP: 13/22 MP: 2/2
   320 | D:1      | You fall into a shaft and drop 1 floor!
   333 | D:2      | Got the Almanac of Dark Execration
   415 | D:2      | Noticed Jessica
   416 | D:2      | Noticed Natasha
   423 | D:2      | Killed Jessica
   424 | D:2      | Gained mutation: Spells you cast may paralyse adjacent
                  | enemies. [demonic ancestry]
   424 | D:2      | Reached XP level 3. HP: 17/29 MP: 3/3
   428 | D:2      | HP: 1/29 [white imp/puff of frost[Natasha] (9)]
   644 | D:2      | Killed Natasha
   793 | D:2      | Noticed Natasha
   807 | D:2      | Killed Natasha
   808 | D:2      | Gained mutation: Spells you cast may paralyse nearby
                  | enemies. [demonic ancestry]
   808 | D:2      | Reached XP level 4. HP: 17/37 MP: 4/4
   922 | D:2      | Noticed Natasha
   939 | D:2      | Killed Natasha
  2050 | D:3      | Noticed Sigmund
  2076 | D:3      | Killed Sigmund
  2077 | D:3      | Reached skill level 1 in Spellcasting
  2077 | D:3      | Reached skill level 2 in Necromancy
  2077 | D:3      | Reached XP level 5. HP: 30/42 MP: 4/7
  2077 | D:3      | Reached XP level 6. HP: 34/48 MP: 4/8
  2081 | D:3      | Learned a level 3 spell: Vampiric Draining
  2334 | D:4      | Found an ornate altar of the Wu Jian Council.
  2847 | D:4      | Reached skill level 3 in Necromancy
  3658 | D:5      | Entered Level 5 of the Dungeon
  3771 | D:5      | Gained mutation: When seriously injured, your blood forms
                  | armour. (AC +6) [demonic ancestry]
  3771 | D:5      | Reached XP level 7. HP: 45/54 MP: 11/11
  3884 | D:5      | Found a sparkling altar of Nemelex Xobeh.
  3896 | D:5      | Found a basalt altar of Yredelemnul.
  3912 | D:5      | Reached skill level 4 in Necromancy
  4268 | D:5      | Reached skill level 5 in Necromancy
  4564 | D:5      | Learned a level 4 spell: Dispel Undead
  4862 | D:6      | Noticed Pikel
  4999 | D:5      | Killed Pikel
  5000 | D:5      | Reached skill level 5 in Spellcasting
  5000 | D:5      | Reached skill level 6 in Necromancy
  5000 | D:5      | Reached XP level 8. HP: 44/60 MP: 6/16
  5064 | D:6      | Reached skill level 7 in Necromancy
  5135 | D:6      | Found a radiant altar of Vehumet.
  5205 | D:6      | Noticed Eustachio
  5209 | D:6      | Killed Eustachio
  5293 | D:6      | Noticed Prince Ribbit
  5297 | D:6      | Reached skill level 8 in Necromancy
  5316 | D:6      | Gained mutation: You may rarely emit foul miasma when
                  | damaged in melee. [demonic ancestry]
  5316 | D:6      | Reached XP level 9. HP: 17/65 MP: 4/19
  5448 | D:6      | Killed Prince Ribbit
  5884 | D:6      | Found Coforur's Antique Armour Shop.
  5893 | D:6      | Bought a pair of polished gloves for 209 gold pieces
  5893 | D:6      | Identified the +2 pair of gloves of Modesty {*Slow rC+++
                  | Dex+4 Stlth-} (You bought it in a shop on level 6 of the
                  | Dungeon)
  5942 | D:6      | Found a faded altar of an unknown god.
  5943 | D:6      | Found a hazy altar of Hepliaklqana.
  6145 | D:6      | Bought a brightly glowing chain mail for 209 gold pieces
  6145 | D:6      | Identified the +1 chain mail "Ukheq" {rElec rF+ Stlth+}
                  | (You bought it in a shop on level 6 of the Dungeon)
  6177 | D:6      | Became a worshipper of Hepliaklqana the Forgotten
  6213 | D:7      | Found a stormy altar of Qazlal.
  6262 | D:7      | Noticed Duvessa
  6264 | D:7      | Noticed Dowan
  6270 | D:7      | Killed Duvessa
  6271 | D:7      | Reached skill level 9 in Necromancy
  6287 | D:7      | Slain by a wight

Illustrated notes

Levels and vault maps discovered:
D:1:      ebering_trefoil_twist, layout_loops_cross,
          hellmonk_ecumenical_altar_heavens_door, minmay_curled_crystal,
          minivault_25, chequers_serial_rivers_micro_a, minmay_misc_feat_x
D:2:      layout_basic, serial_bayou, serial_bayou_pond_a, serial_bayou_ford_a,
          serial_bayou_pond_c, serial_bayou_lake_a, uniq_natasha, uniq_jessica
D:3:      layout_rooms, chequers_serial_rivers_micro_a, uniq_sigmund
D:4:      layout_layer_cave, elyvilon_altar_3, nzn_wu_jian_council_hall,
          palyth_stone_intersect
D:5:      layout_gridville, mainiacjoe_overflow_paths,
          mainiacjoe_overflow_catwalk
D:6:      layout_cave_pools, beargit_hepliaklqana_dungeon_heroes,
          mainiacjoe_overflow_brackets, serial_shops, shop,
          mrwooster_statue_mirror, roderic_roman_lattice,
          minmay_large_rounded_square, minmay_misc_feat_rugged,
          kennysheep_generic_room_4, uniq_eustachio, uniq_pikel,
          uniq_prince_ribbit1
D:7:      layout_basic, mainiacjoe_overflow_alcove_2,
          nicolae_qazlal_eye_of_the_storm, minmay_temple_entry_glass,
          nicolae_ossuary_entry_catacombs, grunt_decor_junction, uniq_duvessa

Skill      XL: |  1  2  3  4  5  6  7  8  9 |
---------------+----------------------------+-----
Stealth        | 1 |  1.5
Fighting       | 3 4 |  4.0
Short Blades   | 3 4 |  4.0
Spellcasting   | 1 3 5 6 7 |  7.6
Necromancy     | 2 3 6 8 9 |  9.1
Throwing       | |  1.7
Dodging        | |  2.6

Action                     |  1- 3 |  4- 6 |  7- 9 || total
---------------------------+-------+-------+-------++-------
  Melee: Rapier            |    60 |   159 |    11 ||   230
         Dagger            |       |       |   158 ||   158
         Punch             |       |       |     2 ||     2
         Quarterstaff      |       |       |    49 ||    49
  Throw: Throwing net      |     5 |     3 |     2 ||    10
         Javelin           |       |     6 |     1 ||     7
   Cast: Vampiric Draining |       |     1 |    38 ||    39
    Use: Scroll            |     6 |     7 |     2 ||    15
         Potion            |     1 |     2 |     5 ||     8
   Stab: Sleeping          |     1 |     2 |     2 ||     5
         Held in net/web   |     1 |       |     2 ||     3
         Paralysed         |       |       |    32 ||    32
 Armour: Leather armour    |    12 |    14 |    27 ||    53
         Chain mail        |       |       |    15 ||    15
  Dodge: Dodged            |    42 |   109 |   156 ||   307

Table legend: (Time is in decaauts)
 A = Elapsed time spent in this place.
 B = Non-inter-level travel time spent in this place.
 C = Inter-level travel time spent in this place.
 D = Time resting spent in this place.
 E = Time spent auto-exploring this place.
 F = Levels seen in this place.
 G = Mean time per level.
                   A        B        C        D        E       F      G
               +--------+--------+--------+--------+--------+-----+--------+
         Total |   6278 |   6064 |    214 |    654 |   4505 |   7 |  896.9 |
       Dungeon |   6278 |   6064 |    214 |    654 |   4505 |   7 |  896.9 |
               +--------+--------+--------+--------+--------+-----+--------+

Top non-repeatable levels by time:
     D:4: 1368 daAuts
     D:5: 1330 daAuts
     D:2: 1205 daAuts
     D:6: 1128 daAuts
     D:3: 830 daAuts
     D:1: 322 daAuts
     D:7: 94 daAuts
